 Dungeon Crawl Stone Soup version 0.19.0 (webtiles) character file.

7885 Danakh the Cleaver (level 11, -9/92 HPs)
             Began as a Demonspawn Fighter on Nov 5, 2016.
             Was an Initiate of Gozag.
             Mangled by a hill giant
             ... wielding a +0 giant club
              (39 damage)
             ... on level 10 of the Dungeon.
             The game lasted 00:20:42 (6969 turns).

Danakh the Cleaver (Demonspawn Fighter)             Turns: 6969, Time: 00:20:42

Health: -9/92      AC: 17    Str: 20    XL:     11   Next: 2%
Magic:  11/11      EV:  3    Int: 11    God:    Gozag
Gold:   1331       SH: 16    Dex: 16    Spells: 0 memorised, 10 levels left

rFire  . . .     SeeInvis .     a - +0 war axe
rCold  + . .     Gourm    .     G - +0 plate armour of the Mantidfly {+Inv rC+ Int+2 Dex+3} (curse)
rNeg   . . .     Faith    .     L - +0 large shield
rPois  .         Spirit   .     (no helmet)
rElec  .         Reflect  .     (no cloak)
rCorr  .         Harm     .     (gloves unavailable)
MR     .....     Rnd*Tele +     x - +0 pair of boots
Stlth  ..........               J - amulet of regeneration
                                B - ring of loudness (curse)
                                m - ring of teleportation (curse)

@: no status effects
A: claws 3, rugged brown scales 3, spiny 2
a: Potion Petition, Call Merchant, Bribe Branch, Renounce Religion, Evoke
Invisibility


You were on level 10 of the Dungeon.
You worshipped Gozag.
Gozag was most pleased with you.
You were very hungry.

You visited 1 branch of the dungeon, and saw 10 of its levels.

You collected 1984 gold pieces.
You spent 616 gold pieces at shops.
You paid 37 gold pieces to Gozag.

Inventory:

Hand Weapons
 a - a +0 war axe (weapon)
Armour
 b - a +0 scale mail
 c - a +0 shield
 o - a +0 chain mail
 v - a +1 plate armour of fire resistance
 x - a +0 pair of boots (worn)
 G - the cursed +0 plate armour of the Mantidfly (worn) {+Inv rC+ Int+2 Dex+3}
   (You bought it in a shop on level 5 of the Dungeon)

   It affects your intelligence (+2).
   It affects your dexterity (+3).
   It protects you from cold.
   It lets you turn invisible.
   It has a curse placed upon it.
 L - a +0 large shield (worn)
Jewellery
 m - a cursed ring of teleportation (left claw)
 r - an uncursed ring of fire
 B - a cursed ring of loudness (right claw)
 D - an uncursed amulet of harm
 J - an amulet of regeneration (around neck)
Wands
 y - a wand of paralysis (12/24)
 z - a wand of random effects (29/48)
 E - a wand of iceblast (7/15)
 I - a wand of lightning (10/15)
 N - a wand of lightning (4/15)
Scrolls
 e - 4 scrolls of identify {unknown}
 h - 7 scrolls of fear {unknown}
 i - 7 scrolls of remove curse {unknown}
 k - 5 scrolls of teleportation {unknown}
 l - 2 scrolls of enchant armour {unknown}
 n - 4 scrolls of amnesia {unknown}
 p - a scroll of random uselessness {unknown}
 w - 2 scrolls of magic mapping {unknown}
 C - a scroll of immolation {unknown}
 F - 2 scrolls of noise {unknown}
 K - a scroll of recharging {unknown}
 R - a scroll of blinking {unknown}
Potions
 d - 2 potions of might
 g - 3 potions of magic {unknown}
 j - 2 potions of haste {unknown}
 q - 3 potions of heal wounds {unknown}
 s - 3 potions of curing {unknown}
 u - a potion of degeneration {unknown}
 A - 3 potions of lignification {unknown}
 H - a potion of cancellation {unknown}
 M - a potion of agility {unknown}
 O - a potion of berserk rage {unknown}
 P - a potion of cure mutation {unknown}
 Q - 3 potions of ambrosia {unknown}
 U - a potion of brilliance {unknown}
Books
 t - a book of Changes

   Spells                             Type                      Level
   a - Beastly Appendage              Transmutation                1
   b - Sticks to Snakes               Transmutation                2
   c - Spider Form                    Transmutation/Poison         3
   d - Ice Form                       Ice/Transmutation            4
   e - Blade Hands                    Transmutation                5
 T - a book of Debilitation

   Spells                             Type                      Level
   a - Corona                         Hexes                        1
   b - Slow                           Hexes                        2
   c - Gell's Gravitas                Hexes/Translocation          3
   d - Inner Flame                    Hexes/Fire                   3
   e - Cause Fear                     Hexes                        4
   f - Leda's Liquefaction            Hexes/Earth                  4
Comestibles
 f - 3 bread rations
 S - a meat ration


   Skills:
 + Level 8.1 Fighting
 * Level 10.0 Axes
 + Level 7.6 Armour
 + Level 7.7 Shields


You had 10 spell levels left.
You didn't know any spells.

Dungeon Overview and Level Annotations

Branches:
Dungeon (10/15)            Temple (0/1) D:6            Lair (0/6) D:9
    Orc (0/2) D:9

Altars:
Cheibriados
Elyvilon
Fedhas
Gozag
Kikubaaqudgha
Makhleb
Xom

Shops:
D:5 **=[   D:6 (


Innate Abilities, Weirdness & Mutations

You have claws for hands.
You are completely covered in rugged brown scales. (AC +3, +7% HP)
You are mostly covered in sharp spines.


Message History

The hill giant is moderately wounded.
You hit the ogre.
An orc comes into view. It is wielding a falchion.
You hit the hill giant.
The hill giant is heavily wounded.
You slash the ogre! You block the ogre's attack.
You block the hill giant's attack.
An orc comes into view. It is wielding a whip.
You slash the hill giant!
The hill giant is heavily wounded.
The hill giant is struck by your spines.
The hill giant hits you with a giant club!
You hit the hill giant.
The hill giant is severely wounded.
The hill giant hits you with a giant club!!
You hit the hill giant but do no damage.
The hill giant is severely wounded.
The hill giant hits you with a giant club!!!
You die...
Your body crumbles into a pile of gold.

#.....# #.. #.....#
#.# #.....###.#######
#...............#
###.##...)...#
####....##)##.#
#.......##....#
.##.###.##o......##.#
....o.oOC@.......# #
...o##..#...........
. #..#..#.###....
#....?.........
#.###.######.#. #.
#.# # .. #.# ## ...


You could see a hill giant, an ogre and 4 orcs.

Vanquished Creatures
  Erica (D:8)
  A komodo dragon (D:9)
  A troll (D:9)
  A hornet (D:8)
  2 hippogriffs
  A wyvern (D:8)
  6 yaks (D:9)
  2 wraiths (D:9)
  Grum (D:8)
  2 ice beasts
  4 black bears
  A hornet zombie (D:7)
  4 necrophages
  2 orc warriors
  A phantom (D:10)
  3 sky beasts
  2 wolves (D:8)
  2 centaurs
  A big kobold (D:6)
  2 gnoll sergeants
  A wyvern zombie (D:9)
  8 bullfrogs
  3 scorpions
  3 howler monkeys
  12 wights
  4 crimson imps
  2 bullfrog zombies
  3 hounds
  2 human zombies (D:9)
  13 orc wizards
  3 centaur skeletons
  2 orc priests
  A jelly (D:5)
  Ijyb (D:1)
  An iguana (D:9)
  2 human skeletons (D:9)
  2 worker ants (D:4)
  An ogre skeleton (D:9)
  A hound skeleton (D:9)
  A mummy (D:9)
  10 gnolls
  A howler monkey skeleton (D:6)
  7 adders
  A shadow imp (D:6)
  An ooze (D:2)
  An adder zombie (D:7)
  2 adder skeletons
  3 worms
  2 dart slugs
  4 leopard geckos
  29 orcs
  A ball python (D:4)
  5 giant cockroaches
  8 goblins
  9 hobgoblins
  5 jackals
  3 quokkas
  6 bats
  3 frilled lizards
  A jackal zombie (D:5)
  10 kobolds
  A leopard gecko skeleton (D:6)
  A leopard gecko zombie (D:7)
  A quokka zombie (D:6)
  7 rats
228 creatures vanquished.

Vanquished Creatures (others)
  A quokka (D:9)
  A plant (D:9)
2 creatures vanquished.

Grand Total: 230 creatures vanquished

Notes
Turn   | Place    | Note
-------+----------+-------------------------------------------
     0 | D:1      | Danakh the Demonspawn Fighter began the quest for the Orb.
     0 | D:1      | Reached XP level 1. HP: 18/18 MP: 1/1
   156 | D:1      | Reached skill level 2 in Axes
   194 | D:1      | Gained mutation: You are partially covered in rugged brown scales. (AC +1, +3% HP) [demonic ancestry]
   194 | D:1      | Reached XP level 2. HP: 15/24 MP: 2/2
   662 | D:2      | Noticed Ijyb
   682 | D:1      | Killed Ijyb
   682 | D:1      | Gained mutation: You are mostly covered in rugged brown scales. (AC +2, +5% HP) [demonic ancestry]
   682 | D:1      | Reached XP level 3. HP: 20/30 MP: 3/3
   787 | D:2      | Gained mutation: You have sharp fingernails. [demonic ancestry]
   787 | D:2      | Reached XP level 4. HP: 32/36 MP: 4/4
   883 | D:2      | Reached skill level 3 in Axes
  1426 | D:2      | Found an opulent altar of Gozag.
  1643 | D:2      | Became a worshipper of Gozag Ym Sagoz the Greedy
  1724 | D:3      | Gained mutation: You are partially covered in sharp spines. [demonic ancestry]
  1724 | D:3      | Reached XP level 5. HP: 30/43 MP: 5/5
  1766 | D:3      | Found a blossoming altar of Fedhas.
  1835 | D:3      | Found a shimmering altar of Xom.
  1942 | D:3      | Found a snail-covered altar of Cheibriados.
  2234 | D:4      | Reached XP level 6. HP: 46/50 MP: 6/6
  2283 | D:4      | Reached skill level 4 in Axes
  2751 | D:5      | Entered Level 5 of the Dungeon
  2752 | D:5      | Found Yreoca's General Store.
  2770 | D:5      | Gained mutation: You are completely covered in rugged brown scales. (AC +3, +7% HP) [demonic ancestry]
  2770 | D:5      | Reached XP level 7. HP: 36/57 MP: 7/7
  2932 | D:5      | Found Maskog's Jewellery Boutique.
  2935 | D:5      | Found Fussatops's Antique Armour Emporium.
  3117 | D:5      | Reached skill level 5 in Axes
  3164 | D:5      | Found Timarusch's Assorted Antiques.
  3323 | D:6      | Found Gyrph's Weapon Shop.
  3334 | D:6      | Gained mutation: You have very sharp fingernails. [demonic ancestry]
  3334 | D:6      | Reached XP level 8. HP: 65/65 MP: 8/8
  3390 | D:5      | Bought a smoking plate armour for 616 gold pieces
  3400 | D:5      | Identified the cursed +0 plate armour of the Mantidfly {+Inv rC+ Int+2 Dex+3} (You bought it in a shop on level 5 of the Dungeon)
  3457 | D:6      | Reached skill level 5 in Fighting
  3469 | D:6      | Reached skill level 6 in Axes
  3469 | D:6      | Reached skill level 5 in Armour
  3469 | D:6      | Reached skill level 5 in Shields
  3515 | D:6      | HP: 3/66 [poisoned by an orc wizard]
  3522 | D:6      | HP: 1/66 [poisoned by an orc wizard]
  3529 | D:6      | HP: 1/66 [poisoned by an orc wizard]
  3537 | D:6      | HP: 1/66 [poisoned by an orc wizard]
  4015 | D:6      | Found a staircase to the Ecumenical Temple.
  4393 | D:7      | Reached skill level 7 in Axes
  4393 | D:7      | Reached XP level 9. HP: 67/73 MP: 9/9
  5076 | D:8      | Noticed Grum
  5089 | D:8      | Killed Grum
  5098 | D:8      | Reached skill level 8 in Axes
  5335 | D:8      | Noticed Erica
  5357 | D:8      | Killed Erica
  5357 | D:8      | Gained mutation: You are mostly covered in sharp spines. [demonic ancestry]
  5357 | D:8      | Reached XP level 10. HP: 67/84 MP: 10/10
  5541 | D:8      | Paralysed by a hornet for 3 turns
  5546 | D:8      | Paralysed by a hornet for 2 turns
  5923 | D:9      | Found a white marble altar of Elyvilon.
  5941 | D:9      | Found a staircase to the Lair.
  5955 | D:9      | Reached skill level 9 in Axes
  6046 | D:9      | Found a burning altar of Makhleb.
  6141 | D:9      | Found a staircase to the Orcish Mines.
  6374 | D:9      | Found an ancient bone altar of Kikubaaqudgha.
  6798 | D:9      | Reached skill level 10 in Axes
  6923 | D:10     | Entered Level 10 of the Dungeon
  6940 | D:10     | Gained mutation: You have claws for hands. [demonic ancestry]
  6940 | D:10     | Reached XP level 11. HP: 73/92 MP: 11/11
  6960 | D:10     | Noticed a hill giant
  6969 | D:10     | Mangled by a hill giant

Skill      XL: |  1  2  3  4  5  6  7  8  9 10 |
---------------+-------------------------------+-----
Axes           | 2 3 4 5 7 8 10 | 10.0
Armour         | 3 4 5 6 7 |  7.6
Shields        | 3 4 5 6 7 |  7.7
Fighting       | 4 5 7 8 |  8.1

Action                   |  1- 3 |  4- 6 |  7- 9 | 10-12 || total
-------------------------+-------+-------+-------+-------++-------
Melee: War axe           |    72 |   191 |   304 |   286 ||   853
Invok: Potion Petition   |       |     1 |       |       ||     1
 Stab: Distracted        |       |       |     1 |     3 ||     4
  Eat: Chunk             |       |     2 |       |       ||     2
       Beef jerky        |       |     1 |     1 |     1 ||     3
       Meat ration       |       |     1 |       |       ||     1
       Bread ration      |       |       |     1 |     1 ||     2
Armor: Scale mail        |     5 |       |       |       ||     5
       Chain mail        |    32 |     7 |       |       ||    39
       Plate armour      |       |   138 |   182 |   116 ||   436
Dodge: Dodged            |    12 |    24 |    26 |    14 ||    76
Block: Shield            |    37 |    97 |    79 |       ||   213
       Large shield      |       |       |   125 |   202 ||   327
